 Dungeon Crawl Stone Soup version 0.25.1-2-g60ff931df9 (webtiles) character file.

Game seed: 1963475469061749715

3312 hawla the Cruncher (level 9, -7/75 HPs)
             Began as a Minotaur Gladiator on Oct 18, 2020.
             Was an Initiate of Gozag.
             Mangled by Joseph
             ... wielding a +0 quarterstaff
              (24 damage)
             ... on level 7 of the Dungeon.
             The game lasted 00:15:28 (6876 turns).

hawla the Cruncher (Minotaur Gladiator)             Turns: 6876, Time: 00:15:29

Health: -7/75      AC: 12    Str: 21    XL:     9   Next: 70%
Magic:  8/8        EV: 11    Int:  6    God:    Gozag
Gold:   594        SH:  0    Dex: 13    Spells: 8/8 levels left

rFire    . . .     SeeInvis .   s - +0 war axe (venom)
rCold    . . .     Gourm    .   (no shield)
rNeg     . . .     Faith    .   e - +1 chain mail of Ithi {rElec rPois Int-5}
rPois    +         Spirit   .   c - +1 hat
rElec    +         Reflect  .   (no cloak)
rCorr    .         Harm     .   (no gloves)
MR       .....                  (no boots)
Stlth    ..........             (no amulet)
HPRegen  0.22/turn              m - +6 ring of intelligence
MPRegen  0.11/turn              (no ring)

@: no status effects
A: retaliatory headbutt, horns 2
a: Potion Petition, Call Merchant, Bribe Branch, Renounce Religion


You were on level 7 of the Dungeon.
You worshipped Gozag.
Gozag was pleased with you.
You were not hungry.

You visited 2 branches of the dungeon, and saw 8 of its levels.

You collected 674 gold pieces.
You paid 80 gold pieces to Gozag.

Inventory:

Hand Weapons
 a - a +1 quarterstaff of flaming
 q - a +0 quarterstaff
 r - a +0 flail of draining
 s - a +0 war axe of venom (weapon)
 x - a +0 vampiric trident
 y - a +0 quarterstaff
Missiles
 g - 5 boomerangs (quivered)
Armour
 c - a +1 hat (worn)
 e - the +1 chain mail of Ithi (worn) {rElec rPois Int-5}
   (You found it on level 4 of the Dungeon)

   It affects your intelligence (-5).
   It insulates you from electricity.
   It protects you from poison.
Jewellery
 m - a +6 ring of intelligence (left hand)
 C - a +6 ring of intelligence
 F - an uncursed ring of poison resistance {unknown}
Wands
 G - a wand of clouds (4)
Scrolls
 b - 2 scrolls of fog
 i - 3 scrolls of identify
 j - 2 scrolls of amnesia
 k - a scroll of enchant weapon
 o - a scroll of enchant armour
 p - 6 scrolls of remove curse
 t - a scroll of brand weapon
Potions
 d - a potion of invisibility {unknown}
 h - a potion of curing
 l - 3 potions of cancellation {unknown}
 n - 2 potions of degeneration {unknown}
 u - a potion of magic
 v - a potion of ambrosia {unknown}
 z - a potion of flight {unknown}
 A - a potion of stabbing {unknown}
 E - a potion of brilliance
Comestibles
 f - 13 rations


   Skills:
 + Level 6.2 Fighting
 + Level 4.6(5.8) Axes
 + Level 1.5(6.7) Maces & Flails
 + Level 4.8(8.2) Polearms
 + Level 9.1(9.7) Staves
 + Level 2.3 Throwing
 + Level 7.5 Armour
 * Level 7.5 Dodging


You had 8 spell levels left.
You didn't know any spells.
Your spell library was empty.

Dungeon Overview and Level Annotations

Branches:
Dungeon (7/15)             Temple (1/1) D:5

Altars:
Ashenzari
Cheibriados
Dithmenos
Elyvilon
Fedhas
Gozag
Hepliaklqana
Makhleb
Nemelex Xobeh
Okawaru
Qazlal
Ru
Sif Muna
Trog
Uskayaw
Vehumet
Wu Jian
Xom
Yredelemnul
The Shining One

Annotations:
D:7 Joseph


Innate Abilities, Weirdness & Mutations

You reflexively headbutt those who attack you in melee.
You have a pair of horns on your head.


Message History

You slash Joseph!
Joseph is lightly wounded.
Joseph hits you with a +0 quarterstaff!
You hit Joseph.
Joseph is moderately wounded.
Joseph hits you with a +0 quarterstaff.
You are too injured to fight recklessly!
You are too injured to fight recklessly!
You are too injured to fight recklessly!
You are too injured to fight recklessly!
Joseph hits you with a +0 quarterstaff!
You slash Joseph!
Joseph is poisoned.
Joseph is moderately wounded.
Joseph hits you with a +0 quarterstaff!
* * * LOW HITPOINT WARNING * * *
You hit Joseph.
Joseph looks as sick as possible!
Your headbutt misses Joseph.
Joseph is heavily wounded.
Joseph hits you with a +0 quarterstaff!!
You die...
Your body crumbles into a pile of gold.

..... #.# #.##### #.#
#. #.# . ## ... #.# #
#.# #.#######.##.#
#...@@./..##.#
####..######.#
#.(######.####
...##.(..........# # .
#...............####.#
#####.#(####.........#
#.#.# #.........).
#..#. #.###.####.# #.#
#.#.# .##....


You could see Joseph (strong, extremely poisoned).

Vanquished Creatures
  A human (D:7)
  4 hogs (D:7)
  A steam dragon (D:7)
  Edmund (D:6)
  A sky beast (D:6)
  2 phantoms
  2 ice beasts
  2 ogres
  A necrophage (D:5)
  A centaur (D:5)
  6 bullfrogs
  4 scorpions
  2 crimson imps
  A hound (D:5)
  2 centaur zombies (D:6)
  2 jellies
  An orc priest (D:3)
  6 orc wizards (D:4)
  Terence (D:3)
  A bullfrog skeleton (D:6)
  2 iguanas
  Natasha (twice) (D:2)
  2 worker ants
  A killer bee zombie (D:6)
  9 gnolls
  A howler monkey skeleton (D:5)
  12 adders
  A shadow imp (D:5)
  3 oozes
  An adder zombie (D:7)
  An adder skeleton (D:5)
  A worm (D:5)
  4 dart slugs
  4 leopard geckos
  25 orcs
  A ball python (D:3)
  7 bats
  4 giant cockroaches
  4 goblins
  9 hobgoblins
  8 jackals
  10 kobolds
  2 quokkas
  6 frilled lizards
  A quokka zombie (D:5)
  40 rats
203 creatures vanquished.

Vanquished Creatures (others)
  An adder (D:7)
  An orc (D:7)
2 creatures vanquished.

Grand Total: 205 creatures vanquished

Notes
Turn   | Place    | Note
-------+----------+-------------------------------------------
     0 | D:1      | hawla the Minotaur Gladiator began the quest for the Orb.
     0 | D:1      | Reached XP level 1. HP: 18/18 MP: 0/0
    29 | D:1      | Reached XP level 2. HP: 17/25 MP: 1/1
   260 | D:1      | Reached skill level 4 in Staves
   348 | D:1      | Reached XP level 3. HP: 30/30 MP: 2/2
   645 | D:2      | Noticed Natasha
   655 | D:2      | Killed Natasha
   840 | D:2      | Reached XP level 4. HP: 28/38 MP: 3/3
  1022 | D:2      | Found a shattered altar of Ashenzari.
  1401 | D:2      | Reached skill level 5 in Staves
  1424 | D:2      | Reached skill level 1 in Armour
  1430 | D:2      | Reached XP level 5. HP: 11/45 MP: 4/4
  2271 | D:2      | Noticed Natasha
  2277 | D:2      | Killed Natasha
  2821 | D:3      | Reached XP level 6. HP: 49/51 MP: 5/5
  3051 | D:3      | Noticed Terence
  3067 | D:3      | Killed Terence
  3067 | D:3      | Reached skill level 6 in Staves
  3517 | D:4      | Reached skill level 5 in Dodging
  3603 | D:4      | Reached XP level 7. HP: 21/58 MP: 6/6
  3609 | D:4      | Reached skill level 7 in Staves
  3640 | D:4      | Got a faintly humming chain mail
  3651 | D:4      | Identified the +1 chain mail of Ithi {rElec rPois Int-5}
                  | (You found it on level 4 of the Dungeon)
  4164 | D:4      | Reached skill level 8 in Staves
  4204 | D:4      | Found a snail-covered altar of Cheibriados.
  4204 | D:4      | Found a burning altar of Makhleb.
  4293 | D:5      | Entered Level 5 of the Dungeon
  4388 | D:5      | Reached XP level 8. HP: 66/66 MP: 7/7
  4457 | D:5      | Reached skill level 1 in Axes
  4457 | D:5      | Reached skill level 5 in Armour
  4588 | D:5      | Reached skill level 1 in Maces & Flails
  4606 | D:5      | Reached skill level 1 in Polearms
  4774 | D:5      | Found a staircase to the Ecumenical Temple.
  4828 | Temple   | Entered the Ecumenical Temple
  4922 | Temple   | Became a worshipper of Gozag Ym Sagoz the Greedy
  5255 | D:6      | Reached skill level 5 in Fighting
  5515 | D:6      | Found a hazy altar of Hepliaklqana.
  5609 | D:6      | Found a sacrificial altar of Ru.
  5609 | D:6      | Noticed Edmund
  5620 | D:6      | Killed Edmund
  5620 | D:6      | Reached XP level 9. HP: 64/74 MP: 8/8
  6416 | D:7      | Reached skill level 9 in Staves
  6866 | D:7      | Noticed Joseph
  6876 | D:7      | Mangled by Joseph

Illustrated notes

Levels and vault maps discovered:
D:1:      sevenhm_arrival_forest_fort_small_6, layout_basic, st_stairs_9,
          minmay_rat_gold_closets
D:2:      layout_basic, nicolae_overflow_crystal_walls, roderic_serpentine_path,
          uniq_natasha
D:3:      layout_loops_ring, first_ration, minmay_rat_hole, uniq_terence
D:4:      layout_rooms, gammafunk_temple_overflow_wave
D:5:      minmay_recursive_quarters, layout_rooms, minmay_temple_entry_overgrown
D:6:      layout_rooms, nicolae_overflow_hidden_temple, old_standard_altar,
          uniq_edmund
D:7:      layout_loops_ring, grunt_livestock, uniq_joseph
Temple:   regret_index_temple_waves

Skill      XL: |  1  2  3  4  5  6  7  8  9 |
---------------+----------------------------+-----
Dodging        | 4 5 6 7 |  7.5
Staves         | 4 5 6 8 9 |  9.1
Fighting       | 3 4 5 6 |  6.2
Armour         | 1 2 3 4 6 7 |  7.5
Axes           | 3 4 |  4.6
Maces & Flails | 1 |  1.5
Polearms       | 3 4 |  4.8
Throwing       | |  2.3

Action                   |  1- 3 |  4- 6 |  7- 9 || total
-------------------------+-------+-------+-------++-------
Melee: Quarterstaff      |    53 |   144 |    94 ||   291
       Headbutt          |     8 |    18 |    59 ||    85
       Hand axe          |       |    14 |       ||    14
       Flail             |       |       |    30 ||    30
       War axe           |       |       |    87 ||    87
       Trident           |       |       |    82 ||    82
Throw: Throwing net      |     2 |     1 |     3 ||     6
       Boomerang         |       |       |     1 ||     1
  Use: Scroll            |     3 |     5 |     5 ||    13
       Potion            |       |     5 |       ||     5
 Stab: Sleeping          |     1 |       |       ||     1
       Held in net/web   |       |     1 |       ||     1
  Eat: Chunk             |       |     5 |     5 ||    10
       Ration            |       |     1 |     2 ||     3
Armor: Leather armour    |    13 |     7 |       ||    20
       Chain mail        |       |    64 |   183 ||   247
Dodge: Dodged            |    25 |    92 |   185 ||   302
